 Dungeon Crawl Stone Soup version 0.27-a0-1434-g6f15984924 (webtiles) character file.

Game seed: 11005668178421895581

620 AarnesTheHuman the Shield-Bearer (level 7, -7/57 HPs)
             Began as a Barachi Fighter on July 3, 2021.
             Was a Follower of Cheibriados.
             Killed by divine providence
             ... invoked by an orc priest
              (15 damage)
             ... on level 4 of the Dungeon.
             The game lasted 00:11:49 (4915 turns).

AarnesTheHuman the Shield-Bearer (Barachi Fighter)  Turns: 4915, Time: 00:11:50

Health: -7/57      AC:  7    Str: 22    XL:     7   Next: 46%
Magic:  7/7        EV:  8    Int: 10    God:    Cheibriados [*.....]
Gold:   254        SH: 11    Dex: 13    Spells: 6/6 levels left

rFire    . . .     SeeInvis .   b - +2 dagger (drain)
rCold    . . .     Faith    .   c - +0 kite shield
rNeg     . . .     Spirit   .   n - +0 scale mail
rPois    .         Reflect  .   (no helmet)
rElec    .         Harm     .   (no cloak)
rCorr    +         Rampage  .   (no gloves)
Will     .....                  (no boots)
Stlth    ..........             o - amulet of the acrobat
HPRegen  0.19/turn              j - ring of resist corrosion
MPRegen  0.10/turn              (no ring)

@: unable to hop, very slow
A: amphibious, slowness 1, strong legs 1, +LOS
a: Hop, Renounce Religion, Bend Time


You were on level 4 of the Dungeon.
You worshipped Cheibriados.
Cheibriados was aware of your devotion.
You visited 2 branches of the dungeon, and saw 5 of its levels.
You also visited: Sewer.

You collected 254 gold pieces.

Inventory:

Hand Weapons
 a - a +1 vorpal hand crossbow
 b - a +2 dagger of draining (weapon)
 f - a +0 dagger
 r - a +1 dagger of venom
 x - a +0 rapier
Missiles
 d - 2 curare-tipped darts
 w - 18 poisoned darts
 y - 36 bolts
Armour
 c - a +0 kite shield (worn)
 n - a +0 scale mail (worn)
Jewellery
 j - a ring of resist corrosion (left hand)
 o - an amulet of the acrobat (around neck)
Scrolls
 e - a scroll of blinking
 g - 2 scrolls of identify
 h - 4 scrolls of teleportation {unknown}
 i - 3 scrolls of enchant armour {unknown}
 l - 3 scrolls of fog {unknown}
 m - a scroll of fear {unknown}
 p - a scroll of torment {unknown}
 q - a scroll of immolation {unknown}
 D - a scroll of amnesia {unknown}
Potions
 k - a potion of haste
 s - 2 potions of flight
 t - a potion of heal wounds {unknown}
 u - 4 potions of curing
 v - 2 potions of brilliance {unknown}
 z - a potion of ambrosia {unknown}
 A - a potion of attraction {unknown}
 B - a potion of resistance {unknown}
 C - a potion of experience {unknown}


   Skills:
 + Level 5.8 Fighting
 - Level 2.1 Short Blades
 + Level 0.5 Crossbows
 + Level 5.8 Armour
 * Level 6.9 Shields


You had 6 spell levels left.
You didn't know any spells.
Your spell library contained the following spells:

 Spells                   Type           Power      Damage    Failure   Level
 Animate Skeleton         Necr           0%         N/A       95%         1
 Pain                     Necr           0%         1d4       95%         1
 Dazzling Flash           Conj/Hex       0%         N/A       100%        3
 Vampiric Draining        Necr           0%         2d6       100%        3
 Iskenderun's Mystic Bla  Conj/Tloc      0%         2d3       100%        4
 Starburst                Conj/Fire      0%         8x6d3     100%        6


Dungeon Overview and Level Annotations

Branches:
Dungeon (4/15)             Temple (1/1) D:4           Sewer (visited)

Altars:
Ashenzari
Cheibriados
Dithmenos
Elyvilon
Fedhas
Gozag
Kikubaaqudgha
Makhleb
Nemelex Xobeh
Okawaru
Qazlal
Ru
Sif Muna
Trog
Uskayaw
Vehumet
Wu Jian
Xom
Yredelemnul
Zin
The Shining One


Innate Abilities, Weirdness & Mutations

You are amphibious.
You cover ground slowly.
You can hop short distances.
You have an extended range of vision and can be seen from far away.


Message History

The gnoll shaman utters an invocation to its god.
The gnoll shaman is healed somewhat.
The orc priest hits you but does no damage.
You hit the gnoll shaman.
The gnoll shaman is almost dead.
The gnoll shaman hits you but does no damage.
You block the orc priest's attack.
You hit the gnoll shaman.
The gnoll shaman is almost dead.
The gnoll shaman invokes the aid of its god against you.
You easily resist.
The orc priest hits you from afar with a +0 trident.
* * * LOW HITPOINT WARNING * * *
You hit the gnoll shaman but do no damage.
You drain the gnoll shaman.
You kill the gnoll shaman!
Cheibriados thoroughly appreciates the change of pace.
The orc priest hits you from afar with a +0 trident.
* * * LOW HITPOINT WARNING * * *
The orc priest misses you. The orc priest completely misses you.
Items here: ))) [[ ††.
You barely miss the orc priest. The orc priest closely misses you.
The orc priest hits you but does no damage.
The orc priest invokes the aid of Beogh against you.
Pain shoots through your body!
* * * LOW HITPOINT WARNING * * *
Hop to where?
Press: ? - help, Dir - move target Boing!
Blink to where?
Press: ? - help, Dir - move target
As you read the scroll labelled LYSEMU TADGHA, it crumbles to dust.
It was a scroll of blinking.
Okay, then.
As you read the scroll labelled KOUCOJ UCKAO, it crumbles to dust.
It is a scroll of identify.
s - 2 potions of flight The orc priest calls down the wrath of Beogh upon you.
Beogh smites you!
You die...

.#.####.#.########
#..................
###.####.#.########
#...)......#
#...).####.# #
#.###......# .. #.#
#.######
#.###.########
#.#.@........#
#.#.#.#####.##
#o#........#
#g#######..#
#..§o.gh# #######g#
..o..o..hg.......
########g#..#####
..#..#


You could see an orc priest and a gnoll.

Vanquished Creatures
  5 kobold brigands (Sewer)
  A gnoll shaman (D:4)
  An iguana (D:3)
  A scorpion zombie (D:3)
  5 adders
  A river rat (D:4)
  4 worms
  2 dart slugs
  12 orcs (D:4)
  10 endoplasms
  9 giant cockroaches
  5 hobgoblins
  7 jackals
  A quokka (D:4)
  5 ball pythons
  7 bats
  A frilled lizard (D:1)
  7 goblins
  16 kobolds
  16 rats
116 creatures vanquished.

Vanquished Creatures (others)
  A fungus (Sewer)
  3 plants
4 creatures vanquished.

Grand Total: 120 creatures vanquished

Notes
Turn   | Place    | Note
-------+----------+-------------------------------------------
     0 | D:1      | AarnesTheHuman the Barachi Fighter began the quest for the
                  | Orb.
     0 | D:1      | Reached XP level 1. HP: 18/18 MP: 1/1
   230 | D:1      | Reached XP level 2. HP: 25/25 MP: 2/2
   236 | D:1      | Found a faded altar of an unknown god.
   810 | D:2      | Found a white marble altar of Elyvilon.
   933 | D:2      | Reached skill level 4 in Shields
   933 | D:2      | Reached XP level 3. HP: 30/30 MP: 3/3
  1441 | D:2      | Reached XP level 4. HP: 27/37 MP: 4/4
  2212 | D:3      | Reached skill level 5 in Shields
  2212 | D:3      | Reached XP level 5. HP: 21/43 MP: 5/5
  2661 | D:4      | Found a staircase to the Ecumenical Temple.
  2749 | D:4      | Found a glowing drain.
  2755 | Sewer    | Entered a sewer
  2892 | Sewer    | Noticed a kobold brigand
  2892 | Sewer    | Noticed a kobold brigand
  2892 | Sewer    | Noticed a kobold brigand
  2905 | Sewer    | Killed a kobold brigand
  2906 | Sewer    | Reached skill level 5 in Fighting
  2906 | Sewer    | Reached skill level 5 in Armour
  2906 | Sewer    | Reached XP level 6. HP: 37/51 MP: 6/6
  2915 | Sewer    | Reached skill level 6 in Shields
  3117 | Sewer    | Reached XP level 7. HP: 48/56 MP: 7/7
  3246 | Sewer    | HP: 2/57 [poisoned by a kobold]
  3795 | Temple   | Entered the Ecumenical Temple
  4202 | Temple   | Became a worshipper of Cheibriados the Contemplative
  4273 | D:4      | Identified the +1 leather armour of Xom's Favour {Str+4}
  4822 | D:4      | Reached * piety under Cheibriados
  4915 | D:4      | Killed from afar by an orc priest

Illustrated notes

Levels and vault maps discovered:
D:1:      nicolae_arrival_somewhat_less_tricky_arrival, layout_rooms,
          shapermc_ecumenical_altar_mp_highgroup
D:2:      layout_basic, basic_altar, minmay_misc_feat_tower
D:3:      layout_basic
D:4:      corexii_shack_village, layout_basic,
          nicolae_hepliaklqana_monster_ancestors,
          minmay_temple_entry_gardened_gates, portal_sewer_entry_e,
          solitary_fountain
Temple:   compressed_dpeg_triangle_lava_temple

Skill      XL: |  1  2  3  4  5  6 |
---------------+-------------------+-----
Fighting       | 4 5 |  5.8
Armour         | 4 5 |  5.8
Shields        | 4 5 6 |  6.9
Short Blades   | |  2.1
Crossbows      | |  0.5

Action                   |  1- 3 |  4- 6 |  7- 9 || total
-------------------------+-------+-------+-------++-------
Melee: Rapier            |    45 |       |       ||    45
       Dagger            |    47 |   190 |   151 ||   388
 Fire: Hand crossbow     |       |       |     3 ||     3
 Abil: Hop               |       |     1 |     1 ||     2
  Use: Potion            |       |     1 |     6 ||     7
       Scroll            |       |       |     2 ||     2
Armor: Scale mail        |    37 |    72 |    60 ||   169
Dodge: Dodged            |    25 |    64 |    52 ||   141
Block: Kite shield       |    41 |   111 |    87 ||   239

Table legend: (Time is in decaauts)
 A = Elapsed time spent in this place.
 B = Non-inter-level travel time spent in this place.
 C = Inter-level travel time spent in this place.
 D = Time resting spent in this place.
 E = Time spent auto-exploring this place.
 F = Levels seen in this place.
 G = Mean time per level.
                   A        B        C        D        E       F      G
               +--------+--------+--------+--------+--------+-----+--------+
         Total |   5625 |   5516 |    109 |    802 |   3500 |   6 |  937.5 |
       Dungeon |   4069 |   3971 |     98 |    448 |   2703 |   4 | 1017.2 |
        Temple |    495 |    485 |     10 |      0 |    472 |   1 |  495.0 |
         Sewer |   1060 |   1060 |      0 |    354 |    323 |   1 | 1060.0 |
               +--------+--------+--------+--------+--------+-----+--------+

Top non-repeatable levels by time:
     D:2: 1437 daAuts
     D:4: 1069 daAuts
   Sewer: 1060 daAuts
     D:1: 817 daAuts
     D:3: 744 daAuts
  Temple: 495 daAuts
